 Dungeon Crawl Stone Soup version 0.28-a0-1518-gbe868bca14 (webtiles) character file.

Game seed: 9589575065887875010

49 Lekart the Skirmisher (level 3, 0/33 HPs)
             Began as a Draconian Abyssal Knight on Jan 17, 2022.
             Was a Believer of Lugonu.
             Slain by a ball python (1 damage)
             ... on level 2 of the Dungeon.
             The game lasted 00:01:14 (675 turns).

Lekart the Skirmisher (Draconian Abyssal Knight)     Turns: 675, Time: 00:01:15

Health: 0/33       AC:  5    Str: 15    XL:     3   Next: 53%
Magic:  4/4        EV:  9    Int: 10    God:    Lugonu [**....]
Gold:   17         SH:  0    Dex: 13    Spells: 2/2 levels left

rFire   . . .      SeeInvis .   a - +1 falchion
rCold   . . .      Faith    .   (no shield)
rNeg    . . .      Spirit   .   (armour unavailable)
rPois   .          Reflect  .   (helmet restricted)
rElec   .          Harm     .   (no cloak)
rCorr   .          Rampage  .   (no gloves)
Will    .....                   (no boots)
Stlth   +.........              (no amulet)
HPRegen 0.11/turn               (no ring)
MPRegen 0.09/turn               (no ring)

@: lethally poisoned (0 -> -2), flying, constricted
A: AC +5, unfitting armour, cold-blooded
a: Renounce Religion, Depart the Abyss, Bend Space


You were on level 2 of the Dungeon.
You worshipped Lugonu.
Lugonu was pleased with you.
You visited 1 branch of the dungeon, and saw 2 of its levels.
You visited the Abyss 1 time.

You collected 17 gold pieces.

Inventory:

Hand Weapons
 a - a +1 falchion (weapon)
Scrolls
 d - a scroll of magic mapping {unknown}
 e - a scroll of amnesia {unknown}


   Skills:
 + Level 3.8 Fighting
 + Level 2.5 Long Blades
 * Level 2.8 Dodging
 * Level 2.4 Invocations


You had 2 spell levels left.
You didn't know any spells.
Your spell library contained the following spells:

 Spells                   Type           Power      Damage    Failure   Level
 Ensorcelled Hibernation  Hex/Ice        0%         N/A       50%         2
 Passwall                 Tmut/Erth      0%         N/A       50%         2
 Swiftness                Air            0%         N/A       75%         3


Dungeon Overview and Level Annotations

Branches:
Dungeon (1/15)

Altars:


Innate Abilities, Weirdness & Mutations

Your plain brown scales are hard. (AC +5)
You cannot fit into any form of body armour.
You are cold-blooded and may be slowed by cold attacks.


Message History

The ball python bites you but does no damage.
The ball python grabs you. The ball python constricts you. The adder bites you.
You are poisoned.
The adder poisons you!
You closely miss the ball python.
You feel sick. The ball python bites you. The ball python constricts you.
The adder bites you but does no damage. The gnoll hits you but does no damage.
It was a potion of flight.
You feel very buoyant.
You fly up into the air.
You feel sick. The adder bites you but does no damage.
The ball python bites you but does no damage.
The ball python constricts you.
The gnoll hits you from afar with a +0 spear.
It was a potion of curing.
You feel better. The adder closely misses you.
The ball python bites you but does no damage.
The ball python constricts you.
The gnoll hits you from afar with a +0 spear.
The adder bites you but does no damage.
You miss the adder.
Your tail-slap misses the adder.
The ball python bites you. The ball python constricts you.
The adder closely misses you.
The gnoll hits you from afar with a +0 spear.
The ball python barely misses you. The ball python constricts you.
You closely miss the adder. You punch the adder.
The adder is lightly wounded.
The adder bites you.
You are poisoned.
The adder poisons you!
The gnoll hits you from afar with a +0 spear!
* * * LOW HITPOINT WARNING * * *
A goblin comes into view. It is wielding a +0 dagger.
The ball python misses you. The ball python constricts you.
* * * LOW HITPOINT WARNING * * *
The adder bites you.
* * * LOW HITPOINT WARNING * * *
The goblin shouts!
You slash the adder!
The adder is almost dead.
* * * LOW HITPOINT WARNING * * *
You feel sick. The ball python bites you.
You die...

..# # #.# .##
#.# ...
##.###...
#########.....#
#...†.........#
#.#######.....#
#######.#
##S#.##
........# #@# #
...###### #S#
##.# #g# #.#
#g. #.# ... #.#
#.#. #.# #.#.
#.# #g#.# #.#


You could see 2 gnolls, an adder, a goblin and a ball python.

Vanquished Creatures
  An adder (D:2)
  A gnoll (D:2)
  A dart slug (D:2)
  2 ball pythons (D:1)
  4 bats
  3 endoplasms (D:1)
  3 goblins
  4 hobgoblins
  2 kobolds
  A quokka (D:2)
  A frilled lizard (D:1)
  2 rats (D:2)
25 creatures vanquished.

Notes
Turn   | Place    | Note
-------+----------+-------------------------------------------
     0 | Abyss:1  | Lekart the Draconian Abyssal Knight began the quest for the
                  | Orb.
     0 | Abyss:1  | Reached XP level 1. HP: 19/19 MP: 2/2
    42 | D:1      | Escaped the Abyss
   216 | D:1      | Reached XP level 2. HP: 26/26 MP: 3/3
   365 | D:1      | You fall into a shaft and drop 1 floor!
   477 | D:2      | Reached XP level 3. HP: 28/33 MP: 4/4
   657 | D:2      | Reached ** piety under Lugonu
   675 | D:2      | HP: 1/33 [poisoned by an adder]
   675 | D:2      | Slain by a ball python

Illustrated notes

Levels and vault maps discovered:
D:1:      doesnt_arrival_eight_statues, layout_loops_ring, minmay_pentomino_v4
D:2:      layout_loops_ring, minmay_misc_feat_more_columns

Action                   || total
-------------------------++-------
Melee: Falchion          ||    64
       Tailslap          ||     5
       Punch             ||     1
  Use: Potion            ||     2
 Stab: Sleeping          ||     3
Armor: Skin              ||    37
Dodge: Dodged            ||    66

Table legend: (Time is in decaauts)
 A = Elapsed time spent in this place.
 B = Non-inter-level travel time spent in this place.
 C = Inter-level travel time spent in this place.
 D = Time resting spent in this place.
 E = Time spent auto-exploring this place.
 F = Levels seen in this place.
 G = Mean time per level.
                   A        B        C        D        E       F      G
               +--------+--------+--------+--------+--------+-----+--------+
         Total |    687 |    687 |      0 |    168 |    348 |   3 |  229.0 |
       Dungeon |    645 |    645 |      0 |    168 |    310 |   2 |  322.5 |
         Abyss |     42 |     42 |      0 |      0 |     38 |   1 |   42.0 |
               +--------+--------+--------+--------+--------+-----+--------+

Top non-repeatable levels by time:
     D:1: 328 daAuts
     D:2: 316 daAuts
 Abyss:1: 42 daAuts
